 Dungeon Crawl Stone Soup version 0.18-a0-1797-gc18daef (webtiles) character file.

1124 Zhenya25pyc the Cudgeler (level 8, -2/51 HPs)
             Began as a Gargoyle Fighter on Apr 22, 2016.
             Was an Initiate of Okawaru.
             Slain by an ogre
             ... wielding a +0 giant club
              (8 damage)
             ... on level 5 of the Dungeon.
             The game lasted 00:09:12 (3586 turns).

Zhenya25pyc the Cudgeler (Gargoyle Fighter)         Turns: 3586, Time: 00:09:12

Health: -2/51      AC: 16    Str: 21    XL:     8   Next: 35%
Magic:  8/8        EV:  7    Int: 10    God:    Okawaru [......]
Gold:   191        SH:  9    Dex:  9    Spells: 0 memorised, 7 levels left

rFire  . . .     SeeInvis .     a - +0 flail
rCold  . . .     Gourm    .     b - +0 scale mail
rNeg   + . .     Faith    .     c - +0 shield
rPois  ∞         Spirit   .     (no helmet)
rElec  +         Dismiss  .     m - +0 cloak
rCorr  .         Reflect  .     F - +0 pair of gloves
SustAt +         Harm     .     e - +0 pair of boots
MR     .....                    p - amulet of regeneration
Stlth  ..........               (no ring)
                                n - ring of sustain attributes

@: not resistant to hostile enchantments, extremely unstealthy
A: negative energy resistance 1, electricity resistance, unbreathing,
petrification resistance, rot immunity, AC +5
a: Renounce Religion


You were on level 5 of the Dungeon.
You worshipped Okawaru.
Okawaru was noncommittal.
You were hungry.

You visited 2 branches of the dungeon, and saw 8 of its levels.

You collected 191 gold pieces.

Inventory:

Hand Weapons
 a - a +0 flail (weapon)
Armour
 b - a +0 scale mail (worn)
 c - a +0 shield (worn)
 e - a +0 pair of boots (worn)
 m - a +0 cloak (worn)
 t - a +0 plate armour
 F - a +0 pair of gloves (worn)
Jewellery
 n - a ring of sustain attributes (left hand)
 p - an amulet of regeneration (around neck)
Wands
 u - a wand of lightning (4/15)
Scrolls
 i - 4 scrolls of random uselessness {unknown}
 l - a scroll of enchant armour {unknown}
 w - a scroll of recharging {unknown}
 y - a scroll of remove curse {unknown}
 A - 2 scrolls of magic mapping {unknown}
 B - a scroll of fog {unknown}
 C - a scroll of immolation {unknown}
 D - a scroll of blinking {unknown}
 E - a scroll of identify {unknown}
Potions
 d - a potion of might
 h - 4 potions of brilliance {unknown}
 o - a potion of cure mutation {unknown}
 q - 2 potions of degeneration {unknown}
 r - a potion of haste {unknown}
 s - a potion of flight {unknown}
 v - a potion of magic {unknown}
 z - a potion of curing {unknown}
Comestibles
 f - 6 bread rations
 g - 3 meat rations
 j - 8 fruits
 k - 3 beef jerkies
 x - a slice of pizza


   Skills:
 + Level 6.1 Fighting
 * Level 7.2 Maces & Flails
 + Level 6.0 Armour
 - Level 3.2 Shields


You had 7 spell levels left.
You didn't know any spells.

Dungeon Overview and Level Annotations

Branches:
Dungeon (7/15)             Temple (1/1) D:5

Altars:
Dithmenos
Elyvilon
Kikubaaqudgha
Makhleb
Okawaru
Pakellas
Zin
The Shining One

Portals:
Sewer: D:5


Innate Abilities, Weirdness & Mutations

You are resistant to torment.
Your stone body is resilient (AC +5).
You are immune to poison.
You resist negative energy.
You are resistant to electric shocks.
You can survive without breathing.
You are immune to petrification.
You are immune to rotting.


Message History

Your unstable footing causes you to fumble your attack.
Your unstable footing causes you to fumble your attack.
The ogre hits you with a giant club!!
Your unstable footing causes you to fumble your attack.
You hear the brisk rusting of a drain.
The ogre hits you but does no damage.
Your unstable footing causes you to fumble your attack.
The crimson imp blinks!
The ogre hits you with a giant club!
* * * LOW HITPOINT WARNING * * *
You are too injured to fight recklessly!
You are too injured to fight recklessly!
The ogre barely misses you.
The crimson imp blinks!
You see here a giant cockroach corpse.
You sock the ogre!
The ogre is heavily wounded.
You block the ogre's attack.
You hit the ogre.
The ogre is heavily wounded.
The ogre hits you with a giant club!
You die...

#############
...........|#
.........$..#
.....≈≈≈....#########
....5≈≈≈≈†O@#>.......
....≈≈∩≈≈.....#......
. ....≈≈≈≈≈..##+#
..... #.
.....≈≈≈.............
#.
.....................
. ...............###
#. . ...............#
###+####.......+
........# #####+###


You could see an ogre and a crimson imp.

Vanquished Creatures
  The ghost of skk the Sneak, an amateur NaEn (D:4)
  A sky beast (D:5)
  A phantom (D:4)
  2 ogres
  2 scorpions
  A howler monkey (D:6)
  2 hounds (D:4)
  A jelly (D:4)
  A giant frog skeleton (D:5)
  5 worker ants
  A howler monkey zombie (D:5)
  2 worker ant zombies (D:5)
  5 adders
  4 gnolls (D:2)
  A river rat (D:5)
  A worm (D:3)
  2 dart slugs
  A giant gecko (D:1)
  6 orcs
  2 ball pythons
  7 bats
  7 giant cockroaches
  8 goblins
  7 hobgoblins
  3 jackals (D:1)
  4 quokkas
  A ball python skeleton (D:5)
  4 giant newts
  10 kobolds
  5 rats
98 creatures vanquished.

Notes
Turn   | Place    | Note
--------------------------------------------------------------
     0 | D:1      | Zhenya25pyc the Gargoyle Fighter began the quest for the Orb.
     0 | D:1      | Reached XP level 1. HP: 14/14 MP: 1/1
   182 | D:1      | Reached XP level 2. HP: 17/19 MP: 2/2
   268 | D:1      | Found a glowing golden altar of the Shining One.
   380 | D:1      | Reached skill level 3 in Maces & Flails
   433 | D:1      | Reached XP level 3. HP: 23/23 MP: 3/3
  1239 | D:2      | Reached XP level 4. HP: 27/29 MP: 4/4
  1717 | D:3      | Reached skill level 4 in Maces & Flails
  1724 | D:3      | Reached XP level 5. HP: 33/33 MP: 5/5
  2038 | D:3      | Found a faded altar to an unknown god.
  2284 | D:4      | Noticed skk's ghost (amateur NaEn)
  2344 | D:4      | Killed skk's ghost
  2344 | D:4      | Reached skill level 5 in Fighting
  2344 | D:4      | Reached skill level 5 in Maces & Flails
  2344 | D:4      | Reached XP level 6. HP: 40/40 MP: 6/6
  2399 | D:4      | Reached XP level 7. HP: 44/44 MP: 7/7
  2488 | D:4      | Upgraded the game from 0.18-a0-1789-gbeff17f to 0.18-a0-1797-gc18daef
  2694 | D:4      | Found a shadowy altar of Dithmenos.
  2824 | D:4      | Reached skill level 5 in Armour
  3084 | D:5      | Entered Level 5 of the Dungeon
  3158 | D:5      | Reached skill level 6 in Maces & Flails
  3305 | D:5      | Found a staircase to the Ecumenical Temple.
  3327 | Temple   | Entered the Ecumenical Temple
  3336 | Temple   | Became a worshipper of Warmaster Okawaru
  3357 | D:5      | Reached XP level 8. HP: 40/51 MP: 8/8
  3375 | D:5      | You fall through a shaft for 2 floors!
  3442 | D:6      | Found a glowing silver altar of Zin.
  3493 | D:6      | Reached skill level 7 in Maces & Flails
  3535 | D:5      | Found a glowing drain.
  3580 | D:5      | HP: 2/51 [ogre/giant club (17)]
  3586 | D:5      | Slain by an ogre

Vault maps used:
D:1:      evilmike_arrival_home_sweet_home, solitary_fountain, tso_altar
D:2:      serial_corexii_hall, corexii_hall_statues_u,
          corexii_hall_statues_deadend
D:3:      ecumenical_altar_1
D:4:      old_standard_altar, first_bread, moated_statue
D:5:      minmay_temple_entry_statues_pillars, portal_sewer_entry_a
D:6:      zin_academy, uniq_grinder
D:7:      nicolae_qazlal_general_emergency, grunt_ogre_cave, fedhas_altar_3
Temple:   circular_temple_12

Skill      XL: |  1  2  3  4  5  6  7  8 |
---------------+-------------------------+-----
Maces & Flails | 3 4 5 6 7 |  7.2
Fighting       | 4 5 6 |  6.1
Armour         | 4 5 6 |  6.0
Shields        | |  3.2

Action                   |  1- 3 |  4- 6 |  7- 9 || total
-------------------------+-------+-------+-------++-------
Melee: Flail             |   157 |   150 |   205 ||   512
  Use: Potion            |       |     1 |       ||     1
  Eat: Chunk             |     1 |     4 |     4 ||     9
Armor: Scale mail        |   105 |    91 |   124 ||   320
Dodge: Dodged            |    63 |    48 |    53 ||   164
Block: Shield            |   106 |    89 |   113 ||   308
